 Dungeon Sprint DCSS version 0.15-a0-1403-g2cecdf4 (webtiles) character file.

564 PolkaDot the Frost Mage (level 7, -3/46 HPs)
             Began as a Vampire Ice Elementalist on June 11, 2014.
             Was an Initiate of Vehumet.
             Succumbed to Sonja's poison
             ... in the Dungeon (Sprint I: "Red Sonja").
             The game lasted 00:04:11 (885 turns).

PolkaDot the Frost Mage (Vampire Ice Elementalist)   Turns: 885, Time: 00:04:11

HP  -3/46        AC  4     Str  7      XL: 7   Next: 10%
MP   9/18        EV 12     Int 19      God: Vehumet [......]
Gold 192         SH  0     Dex 14      Spells:  2 memorised, 11 levels left

rFire  . . .     SeeInvis +     (no weapon)
rCold  . . .     Clarity  .     j - +2 robe {MR+}
rNeg   + . .     rCorr    .     (no shield)
rPois  .         rRot     .     (no helmet)
rElec  .         Spirit   .     (no cloak)
SustAb .         Warding  .     (no gloves)
rMut   .         NoTele   +     (no boots)
Gourm  .                        (no amulet)
MR     +....                    (no ring)
                                (no ring)

@: lethally poisoned, slowed, very slow, somewhat resistant to hostile
enchantments, unstealthy
A: bottle blood, fangs 3, see invisible, unbreathing
a: Bat Form, Bottle Blood, Renounce Religion


You were in the Dungeon.
You worshipped Vehumet.
Vehumet was noncommittal.
You were not thirsty.

You visited 1 branch You collected 192 gold pieces.

Inventory:

Armour
 a - a +0 robe
 j - a +2 robe of magic resistance (worn)
Scrolls
 i - a scroll of blinking
Potions
 c - a potion of blood {@w2}
 f - a potion of haste
 h - a potion of berserk rage
Books
 b - a book of Frost

   Spells                             Type                      Level
   *Freeze                            Ice                          1
   Throw Frost                        Conjuration/Ice              2
   Ozocubu's Armour                   Charms/Ice                   3
   *Throw Icicle                      Conjuration/Ice              4
   Summon Ice Beast                   Ice/Summoning                4
   Condensation Shield                Ice                          4


   Skills:
 - Level 2.1 Dodging
 - Level 3.0 Stealth
 - Level 5.1 Spellcasting
 + Level 5.6 Conjurations
 + Level 12.4 Ice Magic


You had 11 spell levels left.
You knew the following spells:

 Your Spells              Type           Power        Failure   Level  Hunger
a - Freeze                Ice            ####         1%          1    None
s - Throw Icicle          Conj/Ice       #####...     3%          4    ####...


Dungeon Overview and Level Annotations

Branches:
Dungeon (1/1)

Altars:
Elyvilon
Gozag
Kikubaaqudgha
Makhleb
Nemelex Xobeh
Okawaru
Qazlal
Sif Muna
Trog
Vehumet
Xom
Yredelemnul
Zin
The Shining One

Shops:
D ?


Innate Abilities, Weirdness & Mutations

You can bottle blood from corpses.
You have razor-sharp teeth.*
You have supernaturally acute eyesight.
You can survive without breathing.*


Message History

Casting: Freeze
Confirm with . or Enter, or press ? or * to list all spells.
You don't know that spell.
Casting: Freeze
Confirm with . or Enter, or press ? or * to list all spells.
Aiming: Throw Icicle
Press: ? - help, Shift-Dir - straight line, f/p - Sonja
Aim: Sonja, wielding a blowgun (severely wounded)
The shard of ice hits Sonja.
You kill Sonja!
Vehumet accepts your kill.
Your Conjurations skill increases to level 5!
Your Ice Magic skill increases to level 12!
You have reached level 7!
* * * LOW MAGIC WARNING * * *;
* * * LOW HITPOINT WARNING * * *
You feel extremely sick.
There is a lethal amount of poison in your body!
* * * LOW HITPOINT WARNING * * *
You feel very sick.
You die...

#..####..#...#)#
#..#__####..##.#
#..#_..._##'#..+
#⌠⌠#_.∩...'.(._#
####_..._##_§#+#
#_____###+#
#########(##
+$.$+ #$@$#
##)## #+#


There were no monsters in sight!

Vanquished Creatures
  Sonja (D)
  A yak (D)
  An ogre (D)
  Sigmund (D)
  A jelly (D)
  Ijyb (D)
6 creatures vanquished.

Vanquished Creatures (others)
  A yellow wasp (D)
1 creature vanquished.

Grand Total: 7 creatures vanquished

Notes
Turn   | Place    | Note
--------------------------------------------------------------
     0 | D        | PolkaDot, the Vampire Ice Elementalist, began the quest for the Orb.
     0 | D        | Reached XP level 1. HP: 13/13 MP: 3/3
     2 | D        | Noticed Ijyb
    17 | D        | Killed Ijyb
    17 | D        | Reached skill level 5 in Ice Magic
    17 | D        | Reached XP level 2. HP: 2/19 MP: 0/4
   260 | D        | Noticed an ogre
   264 | D        | Killed an ogre
   264 | D        | Reached skill level 9 in Ice Magic
   264 | D        | Reached XP level 3. HP: 12/24 MP: 0/6
   264 | D        | Reached XP level 4. HP: 15/30 MP: 0/7
   406 | D        | Learned a level 4 spell: Throw Icicle
   417 | D        | Noticed Sigmund
   425 | D        | Killed Sigmund
   425 | D        | Reached skill level 10 in Ice Magic
   425 | D        | Reached XP level 5. HP: 19/35 MP: 1/9
   568 | D        | Found a deep blue altar of Sif Muna.
   569 | D        | Noticed a jelly
   570 | D        | Found a radiant altar of Vehumet.
   575 | D        | Killed a jelly
   575 | D        | Reached skill level 11 in Ice Magic
   730 | D        | Found Melohufu's Magic Scroll Emporium.
   730 | D        | Found a white marble altar of Elyvilon.
   730 | D        | Found a stormy altar of Qazlal.
   730 | D        | Found a burning altar of Makhleb.
   730 | D        | Found a basalt altar of Yredelemnul.
   730 | D        | Found a glowing golden altar of the Shining One.
   730 | D        | Found a sparkling altar of Nemelex Xobeh.
   730 | D        | Found a shimmering altar of Xom.
   730 | D        | Found an opulent altar of Gozag.
   730 | D        | Found an ancient bone altar of Kikubaaqudgha.
   730 | D        | Found a glowing silver altar of Zin.
   730 | D        | Noticed a yak
   739 | D        | Killed a yak
   739 | D        | Reached skill level 5 in Spellcasting
   739 | D        | Reached XP level 6. HP: 41/41 MP: 0/17
   808 | D        | Killed a yellow wasp
   853 | D        | Found an iron altar of Okawaru.
   854 | D        | Found a bloodstained altar of Trog.
   868 | D        | Became a worshipper of Vehumet
   870 | D        | Noticed Sonja
   883 | D        | Killed Sonja
   883 | D        | Reached skill level 5 in Conjurations
   883 | D        | Reached skill level 12 in Ice Magic
   883 | D        | Reached XP level 7. HP: 15/46 MP: 8/18
   884 | D        | HP: 2/46 [poisoned by Sonja]
   885 | D        | Succumbed to Sonja's poison

Action                   |  1- 3 |  4- 6 |  7- 9 || total
-------------------------+-------+-------+-------++-------
Melee: Unarmed           |     5 |       |       ||     5
 Cast: Freeze            |    10 |    15 |       ||    25
       Throw Icicle      |       |     5 |     1 ||     6
  Use: Potion            |     1 |     3 |       ||     4
